[Event "37th ECCC 2022"]
[Site "Mayrhofen"]
[Date "2022.10.03"]
[Round "1.64"]
[White "Czebe, Attila"]
[Black "Cahen, Alexis"]
[Result "1-0"]
[ECO "B54"]
[WhiteElo "2366"]
[BlackElo "2095"]
[Annotator "TA"]
[PlyCount "103"]
[EventDate "2022.10.03"]
[EventType "team-tourn"]
[EventCountry "AUT"]
[SourceTitle "playchess.com"]
[Source "ChessBase"]
[SourceQuality "1"]
[TimeControl "40/5400+30:1800+30"]

1. e4 c5 2. Nf3 d6 3. d4 cxd4 4. Nxd4 Nf6 5. f3 g6 6. c4 Nc6 7. Be3 Bg7 8. Qd2 O-O 9. Be2 {[%emt 0:00:05] B55: Sicilian: 2...d6 3 d4 cxd4 4 Nxd4 Nf6 5 f3.} Ne8 10. Nc3 Nc7 11. O-O (11. h4 $16) 11... Ne6 12. Nxe6 Bxe6 {[%emt 0:06:59] [#]} 13. Rfd1 $146 ({Predecessor:} 13. Nd5 b6 14. Rac1 Rc8 15. f4 Qd7 16. b4 Rfd8 17. a3 Rf8 18. Kh1 f5 19. Bf3 {1-0 (53) Krush,I (2431)-Vo,T (2380) Riadh 2017}) 13... Qa5 14. Rab1 (14. Rac1 $14) 14... Rfc8 (14... Bxc3 $11 15. bxc3 (15. Qxc3 Qxc3 16. bxc3 b6 $15) 15... b6) 15. b4 $16 Qe5 (15... Nxb4 16. Nd5 Nxd5 17. Qxa5 $16) (15... Bxc3 $14 16. Qxc3 Qc7) 16. Nd5 Bxd5 17. exd5 Nb8 18. Rb3 Qf5 19. Bd3 Qd7 20. Bf1 b6 21. Re1 Re8 (21... a5 $16 {keeps fighting.}) 22. Bd4 ({Better is} 22. c5 $18) 22... e5 23. dxe6 Bxd4+ 24. Qxd4 Rxe6 25. Rxe6 fxe6 26. Qe4 {[%emt 0:21:37] White is much more active. The black rooks are badly placed.} d5 27. Qg4 $36 {[%emt 0:08:10][%mdl 2048] White has good play.} d4 {[%emt 0:04:11][%mdl 8192] [#] Inhibits Re3.} ({Black should try} 27... Nc6 $14) 28. Qe4 $1 $18 Qc6 29. Bd3 {[%emt 0:00:18] aiming for b5.} (29. Qxd4 Nd7 30. f4 Re8 $18) 29... a5 30. Qxd4 Qd7 31. Qxb6 axb4 32. Bf1 {[%emt 0:00:03] [#] Rd3 is the strong threat.} (32. Qxb4 $6 Qd4+ 33. Kf1 Nd7) 32... Nc6 (32... Kf7 $142 33. Rxb4 (33. Qxb4 Nc6 $16) 33... Nc6) 33. Rd3 Qc8 34. Rd6 Ra6 $2 (34... Ne5 {was called for.} 35. Rxe6 Nd7 36. Qxb4 Rxa2) 35. Qe3 (35. Qb5 $142) 35... Nd8 36. Rd2 ({White should play} 36. Qd4 $18 Nf7 37. Rxa6 (37. Rd7 Rxa2 38. h4 Qc6 $11) 37... Qxa6 38. c5 Qxa2 39. Qxb4) 36... Qa8 (36... Nb7 $16) 37. Qf2 (37. c5 $18 Ra3 38. Qe4) 37... Nc6 $2 (37... Nb7 $16 {is more resistant.} 38. Rb2 (38. c5 Rc6 $16) 38... Qa7 39. Qxa7 (39. Rxb4 Rxa2 40. Qxa7 Rxa7 $16) 39... Rxa7 40. Rxb4 Kf7) 38. c5 Ra5 39. Bc4 Qf8 $2 (39... Qa7 40. Bxe6+ Kf8) 40. Bxe6+ Kh8 41. Rd6 Qf6 42. Rxc6 {[%emt 0:00:00] White threatens Rc8+ and mate.} Qa1+ 43. Qf1 Qd4+ 44. Kh1 {[%emt 0:00:00] Hoping for Rc8+.} Ra3 45. Bb3 {[%emt 0:00:00] Rc8+ would kill now.} Ra8 {[%emt 0:00:57] Prevents Rc8+.} 46. Rd6 Qc3 47. Rd1 Re8 48. Rc1 Qd2 49. c6 {[%emt 0:00:00][%cal Bc5c6,Bc6c7][%mdl 32] White mates.} Kg7 50. c7 Qd7 51. Rc4 Qd3 52. Qa1+ {[%emt 0:00:00] Weighted Error Value: White=0.41/Black=0.56} (52. Qxd3 $2 {is a self mate.} Re1+) 1-0

[Event "37th ECCC 2022"]
[Site "Mayrhofen"]
[Date "2022.10.03"]
[Round "1.65"]
[White "Barthel, Ansgar"]
[Black "Korpa, Bence"]
[Result "0-1"]
[ECO "B00"]
[WhiteElo "2076"]
[BlackElo "2496"]
[Annotator "TA"]
[PlyCount "82"]
[EventDate "2022.10.03"]
[EventType "team-tourn"]
[EventCountry "AUT"]
[SourceTitle "playchess.com"]
[Source "ChessBase"]
[SourceQuality "1"]
[TimeControl "40/5400+30:1800+30"]

1. e4 Nc6 2. Nf3 d6 3. d4 Nf6 4. Nc3 Bg4 5. d5 Nb8 6. h3 Bxf3 7. Qxf3 g6 8. Bb5+ {[%emt 0:07:27] B00: Queen's Fianchetto Defence, Nimzowitsch Defence.} Nbd7 9. O-O Bg7 10. Re1 {[%emt 0:05:43] The position is equal.} O-O 11. Bg5 h6 {[%emt 0:07:06] [#]} 12. Bh4 $146 ({Predecessor:} 12. Be3 c6 13. Bf1 Qa5 14. Qd1 Rac8 15. Bd2 Qc7 16. dxc6 Qxc6 17. Bb5 Qc7 18. Be3 {0-1 (61) Ciolac,G (2305)-Klinger,J (2475) Werfen 1990}) 12... c6 13. Bf1 Qb6 14. Rab1 Rfe8 15. Qe3 Nh5 16. g4 Qxe3 17. Rxe3 Nf4 18. Bg3 Be5 19. Ne2 g5 20. Bxf4 gxf4 21. Rf3 Nf6 22. dxc6 bxc6 23. Nxf4 $2 (23. Nc3 $15) 23... Nxe4 $19 {[%emt 0:00:30] [#] Strongly threatening ...Nd2.} 24. Re3 Nd2 25. Rd1 Bxf4 ({Not} 25... Nxf1 26. Re4 $17) 26. Rxd2 Bxe3 27. fxe3 {[%emt 0:00:03][%mdl 4096] Endgame KRR-KRB} Rab8 28. b3 d5 29. e4 e6 ({Avoid the trap} 29... dxe4 $2 30. Re2) 30. exd5 cxd5 ({And not} 30... exd5 31. Rd4) 31. c4 $2 {[%emt 0:00:08] [#]} (31. Kf2) 31... dxc4 32. Bxc4 Red8 33. Re2 Rd1+ 34. Kg2 Rbd8 35. Kf3 R8d2 {[%emt 0:00:28] Black is clearly winning.} 36. Rxd2 Rxd2 {[%emt 0:00:08] KR-KB} 37. a4 Rd4 38. h4 Kg7 39. a5 e5 {[%emt 0:00:21][%cal Of7f5] Hoping for ...f5!} 40. Kg3 f6 41. Kf3 h5 {[%emt 0:30:49] White got outplayed after the opening.  Weighted Error Value: White=0.48/Black=0.08 (flawless)} 0-1

[Event "37th ECCC 2022"]
[Site "Mayrhofen"]
[Date "2022.10.03"]
[Round "1.66"]
[White "Kaczur, Florian"]
[Black "Favier, Alain"]
[Result "1-0"]
[ECO "A28"]
[WhiteElo "2483"]
[BlackElo "1985"]
[Annotator "TA"]
[PlyCount "77"]
[EventDate "2022.10.03"]
[EventType "team-tourn"]
[EventCountry "AUT"]
[SourceTitle "playchess.com"]
[Source "ChessBase"]
[SourceQuality "1"]
[TimeControl "40/5400+30:1800+30"]

1. c4 e5 2. Nc3 Nf6 3. Nf3 Nc6 4. e3 Be7 5. a3 a5 6. d4 exd4 {[%emt 0:02:52] A28: English Opening: Four Knights Variation.} 7. exd4 d5 8. c5 O-O {[%emt 0:02:38][%cal Oe7c5] [#] The position is equal.} 9. Bb5 $146 ({Predecessor:} 9. Bd3 Bg4 10. Be3 Bxc5 11. Qa4 Bd6 12. h3 Bh5 13. O-O-O Re8 14. g4 Bg6 15. Bb5 {0-1 (26) Semcesen,D (2387)-Krejci,J (2305) Ceska Trebova 2008}) 9... Bg4 10. Be3 Nb8 (10... Ne4 $5 ) 11. h3 Bf5 12. g4 Be6 (12... Bg6 $14) 13. Qc2 $16 Nbd7 14. Ng5 {[%emt 0:06:27] Against Ne4} Re8 (14... g6 $16 {was necessary.}) 15. Nxe6 $18 fxe6 16. f4 (16. g5 $18) 16... c6 $16 17. Be2 {[%emt 0:00:41] aiming for g5.} Nf8 18. g5 N6d7 19. O-O (19. h4 $16) 19... b6 20. b4 axb4 21. axb4 bxc5 (21... Rxa1 $14 22. Rxa1 Qc7) 22. bxc5 {[%emt 0:01:15] White has more active pieces.} (22. dxc5 Rxa1 23. Rxa1 e5 $15) ({White should try} 22. Rxa8 $16 Qxa8 23. bxc5 (23. dxc5 Qa3 $11)) 22... Qc7 23. h4 $36 {[%emt 0:04:17][%mdl 2048] White fights for an advantage.} (23. Bh5 $5 Reb8 24. h4 $16) 23... Rxa1 24. Rxa1 Ng6 25. Bh5 Ndf8 26. Qf2 Bd8 27. Ne2 Qf7 (27... Qb7 $14) 28. Bg4 {[%emt 0:05:09] Black must now prevent h5.} Qb7 29. Nc1 Ne7 30. Qd2 Nf5 31. Bf2 Bc7 32. Nd3 Ra8 33. Rxa8 Qxa8 34. h5 Qa1+ 35. Kg2 Nxd4 {[%emt 0:01:14] [#] Black cannot hold the game after this.} (35... Qb1 $11 {and Black has nothing to worry.}) 36. Nb4 $1 $18 e5 {[%emt 0:04:45] [#]} (36... Nb3 $2 37. Qe3 Nxc5 38. Qxc5 Bxf4 39. Nxc6 (39. Qxc6 Qe5 $16) 39... Bxg5 40. Nd4) (36... Nb5) 37. Nxc6 $1 {[%emt 0:01:31][%mdl 512] White is clearly winning.} Qa8 (37... Qa4 38. Nxd4) 38. Nxd4 exd4 39. Qxd4 {[%emt 0:00:27] Weighted Error Value: White=0.18 (very precise) /Black=0.46} 1-0

[Event "37th ECCC 2022"]
[Site "Mayrhofen"]
[Date "2022.10.04"]
[Round "2.1"]
[White "Rapport, Richard"]
[Black "Nemeth, Miklos"]
[Result "1-0"]
[ECO "A45"]
[WhiteElo "2754"]
[BlackElo "2459"]
[Annotator "TA"]
[PlyCount "149"]
[EventDate "2022.10.03"]
[EventType "team-tourn"]
[EventCountry "AUT"]
[SourceTitle "playchess.com"]
[Source "ChessBase"]
[SourceQuality "1"]
[TimeControl "40/5400+30:1800+30"]

1. d4 Nf6 2. Bg5 Ne4 3. Bf4 e6 4. Nd2 Nxd2 5. Qxd2 d5 6. O-O-O {[%emt 0:02:57] A45: Trompowsky Attack.} Bd6 7. h4 {[%emt 0:00:48] [#]} Nc6 $146 ({Predecessor:} 7... Bxf4 8. Qxf4 Nd7 9. g4 c5 10. dxc5 Nxc5 11. Qd4 Nd7 12. Qxg7 Qf6 13. Qxf6 Nxf6 {1-0 (31) Haas,B-Kahl,K GER corr 1996}) 8. h5 {[%emt 0:05:08] White is slightly better.} Bd7 9. Nf3 Qe7 10. e3 O-O-O 11. Kb1 f6 12. Bd3 Nb4 13. Be2 Kb8 14. Rh4 Nc6 15. a3 g5 16. hxg6 hxg6 17. Bxd6 cxd6 18. Rdh1 Rxh4 19. Rxh4 g5 20. Rh2 Qg7 21. Bb5 Rh8 22. Bxc6 {[%emt 0:00:32] Rxh8+ is the strong threat.} Bxc6 23. Qb4 Kc7 24. Qa5+ Kb8 25. b3 b6 26. Rxh8+ Qxh8 $11 {[%emt 0:00:05][%mdl 4096] Endgame KQB-KQN} 27. Qe1 Kc7 28. Qg1 Be8 29. Qh2 Qg7 30. Ng1 Bg6 31. Ne2 Be8 32. Nc3 Bc6 33. Kb2 f5 34. Qh3 g4 35. Qh5 Bd7 36. g3 a6 37. a4 Kb7 38. Qh4 Kc8 39. Qh1 Bc6 40. Na2 a5 41. Nc3 Kb7 42. Qh5 Bd7 43. Qh4 {[%emt 0:00:00] Black must now prevent Qd8.} Kc7 {[%emt 0:00:35] Inhibits Qd8+.} 44. Ne2 (44. Kc1 $14) 44... b5 45. axb5 Bxb5 46. Nf4 Bd7 47. Ka3 a4 48. Kb2 Qf8 49. Qh7 {[%emt 0:00:00][%csl LRa4,LRe6] Threatening mate with Nxe6+.} Kc6 50. Qh1 Qb8 51. Qe1 Qb5 52. Qc3+ Kb7 53. Nd3 Qb6 54. Ka3 axb3 55. cxb3 Qb5 (55... Qa6+ $11 {keeps the balance.} 56. Kb2 Qb5) 56. Qb4 $1 $16 Kc6 57. Qxb5+ Kxb5 {[%emt 0:00:03] KB-KN} 58. Kb2 (58. Nf4 $1 $16) 58... Bc8 59. Kc3 Bd7 60. Ne1 Ka5 61. f3 gxf3 (61... Be8 $11 {remains equal.}) 62. Nxf3 Kb5 $2 {[%emt 0:00:24] This move loses the game for Black.} (62... Kb6 $16) 63. Ng5 $1 $18 e5 64. Nf7 e4 $2 (64... exd4+ 65. Kxd4 Kc6) 65. Nxd6+ Kc6 66. Nf7 {[%emt 0:00:05] Strongly threatening Ne5+.} Kb5 67. Ng5 Be8 68. Ne6 {[%emt 0:00:21] Intending Nc7+ and mate.} Bd7 $2 (68... Ka5 69. Kb2 Bf7) 69. Nc7+ {[%emt 0:01:27] White is clearly winning.} Kc6 70. Na6 Kb5 71. Nb4 Be6 72. Na2 {[%emt 0:00:02] aiming for Kb2.} Bd7 {[%emt 0:02:40] [#]} 73. Kb2 $1 Bc6 {[%emt 0:00:35] [#]} 74. Ka3 $1 Ka5 75. Nc3 {[%emt 0:00:06] Weighted Error Value: White=0.05 (flawless) /Black=0.06 (flawless)} 1-0

[Event "37th ECCC 2022"]
[Site "Mayrhofen"]
[Date "2022.10.04"]
[Round "2.2"]
[White "Bokros, Albert"]
[Black "Deac, Bogdan-Daniel"]
[Result "0-1"]
[ECO "C00"]
[WhiteElo "2453"]
[BlackElo "2707"]
[Annotator "TA"]
[PlyCount "136"]
[EventDate "2022.10.03"]
[EventType "team-tourn"]
[EventCountry "AUT"]
[SourceTitle "playchess.com"]
[Source "ChessBase"]
[SourceQuality "1"]
[TimeControl "40/5400+30:1800+30"]

1. e4 e6 2. d4 d5 3. Bd3 dxe4 4. Bxe4 Nf6 5. Bf3 Nc6 6. c3 {[%emt 0:05:48] C01: French: Exchange Variation.} Bd6 7. Ne2 O-O 8. O-O {[%emt 0:02:37] The position is equal.} e5 9. Bxc6 bxc6 {[%emt 0:00:17] [#]} 10. Bg5 $146 ({Predecessor:} 10. dxe5 Bxe5 11. Bf4 Bxf4 12. Nxf4 Ba6 13. Re1 Qxd1 14. Rxd1 g5 15. Nh3 Rab8 16. b3 {1-0 (62) Arjun,V (2394)-Rajlich,I (2411) Budapest 2007}) 10... h6 11. Bh4 e4 12. Bg3 Re8 13. Nd2 Ba6 {[%emt 0:15:46] Threatens to win with ...e3.} 14. Re1 Rb8 15. b3 e3 16. fxe3 Rxe3 17. Nf1 Re6 18. Bxd6 Qxd6 19. Neg3 $1 Rbe8 20. Rxe6 Rxe6 21. Qf3 {[%emt 0:03:07] Against h5} g6 22. Rd1 h5 (22... Bxf1 $5 23. Rxf1 Kg7 $11) 23. c4 Bc8 24. h3 h4 25. Ne2 Ne4 26. Nc3 Nxc3 27. Qxc3 Re4 28. Qd2 Qe7 29. Qa5 Bf5 (29... Re2 $5 30. Rd2 $8 Re1 $15) 30. Qc3 (30. Qxa7 $2 Re2 31. Rd2 Rxd2 32. Nxd2 Qe3+ 33. Kh2 Qf4+ 34. Kh1 Qxd2 $19) 30... Qg5 31. Qd2 Qe7 {[%emt 0:00:17] Strongly threatening ...Re2.} 32. Qc3 Re2 33. Rd2 Re1 34. Qf3 Qd6 35. Kf2 Re4 36. Qc3 (36. Qd1 $15) 36... Qf6 $1 $17 {[%emt 0:02:56] Black is much more active.} (36... c5 37. dxc5 Qxc5+ 38. Ne3 $11) 37. Kg1 $2 (37. Qf3 $17 {is the only way for White.}) 37... c5 $1 $19 38. Qa5 cxd4 ({Worse is} 38... Rxd4 39. Qxc5 Rxd2 40. Nxd2 $11) 39. Qxc7 Re1 (39... Kg7 $1 $17 {[%cal Od4d3] White must now prevent ...d3!} 40. Qa5 Re5) 40. Qf4 $15 d3 41. Rxd3 $1 Qb6+ 42. c5 $1 ({Don't go for} 42. Re3 $2 Bd3 43. Kh2 Rxf1 $19) 42... Qxc5+ 43. Qd4 $1 Qb6 (43... Qb5 $1 $15 {is more appropriate.} 44. Rf3 Qb6 45. Qxb6 axb6) 44. Rd2 $11 Qxd4+ (44... Qa6 {feels hotter.} 45. Qf2 Rb1 46. Rd4 Qb6) 45. Rxd4 {[%emt 0:05:26][%mdl 4096] Endgame KRB-KRN} Ra1 46. Rd2 Kg7 47. Kf2 g5 48. Ne3 Be6 49. Nd1 f5 50. Nc3 $1 g4 {[%emt 0:00:57] Hoping for ...g3+.} 51. hxg4 fxg4 52. Ne4 Bf5 53. Nd6 Bg6 (53... g3+ $1 $17 54. Kf3 Be6) 54. Nb5 (54. Ke3 $15) 54... Kf6 55. Rd6+ Kg5 56. Rd5+ {[%emt 0:00:15] [#]} Kh6 $1 57. Rd2 g3+ 58. Kf3 $2 {[%emt 0:01:23][%mdl 8192] [#]} (58. Ke3 $17) 58... Bh5+ $1 $19 59. Ke3 Re1+ 60. Kf4 Rf1+ 61. Ke3 h3 62. gxh3 Rf3+ ({Not} 62... Bf3 $2 63. Nxa7 g2 64. Rxg2 Bxg2 65. Kd4 $19) 63. Ke4 (63. Kd4 $142 Kg5 64. Nd6) 63... Rf2 64. Rd6+ Kg5 {[%emt 0:00:18] And now ...g2 would win.} 65. Rd5+ Kh4 66. Rd8 g2 67. Rg8 Kxh3 {[%emt 0:00:25] ( -> ...Bg4)} 68. Nd4 Bg4 {[%emt 0:00:14] Prevents Nf5.  Weighted Error Value: White=0.22 (precise) /Black=0.10 (very precise)} 0-1

[Event "37th ECCC 2022"]
[Site "Mayrhofen"]
[Date "2022.10.04"]
[Round "2.3"]
[White "Gukesh D"]
[Black "Varga, Zoltan"]
[Result "1-0"]
[ECO "B01"]
[WhiteElo "2732"]
[BlackElo "2401"]
[Annotator "TA"]
[PlyCount "59"]
[EventDate "2022.10.03"]
[EventType "team-tourn"]
[EventCountry "AUT"]
[SourceTitle "playchess.com"]
[Source "ChessBase"]
[SourceQuality "1"]
[TimeControl "40/5400+30:1800+30"]

1. e4 d5 2. exd5 Qxd5 3. Nc3 Qa5 4. d4 Nf6 5. Nf3 Bf5 6. Ne5 c6 7. Bc4 e6 8. g4 Be4 9. O-O Bd5 {[%emt 0:02:03] B01: Scandinavian Defence.} 10. Nxd5 (10. Qe2 $16) 10... cxd5 $14 11. Bd3 Nc6 {[%emt 0:02:07] White is slightly better.} 12. c3 (12. Bf4 {feels hotter.} Nxd4 13. g5 Nd7 14. Nxd7 Kxd7 15. Qg4) 12... Nxe5 13. dxe5 Nd7 14. Qe2 (14. f4 {is interesting.} O-O-O 15. a4 Kb8 16. Kh1) 14... Qc7 15. f4 {[%emt 0:00:47] [#]} g6 $146 ({Predecessor:} 15... a6 16. a4 g6 17. Bd2 h5 18. f5 gxf5 19. gxf5 O-O-O 20. Kh1 {½-½ (20) Fries Nielsen,J-Fries Nielsen,N Denmark 1993}) 16. Kh1 h5 17. f5 O-O-O $1 18. fxe6 fxe6 19. Rf7 hxg4 {[%emt 0:02:17] Hoping for ...g3.} 20. Bf4 (20. Bxg6 $2 g3 21. Rh7 Rxh7 22. Bxh7 Be7 $19) 20... Bh6 {[%emt 0:14:37] And now ...Bxf4 would win.} 21. Bg3 $36 {[%emt 0:01:22][%mdl 2048] White is more active.} (21. Qxg4 Bxf4 22. Qxf4 Qb6 $17) 21... Rdf8 22. Raf1 {[%emt 0:01:59] Bb5 is the strong threat.} Rxf7 {[%emt 0:00:10] A mistake that costs the game.} (22... Qb6 $14) 23. Rxf7 $18 {[%emt 0:00:07] Threatens to win with Bb5.} Rf8 $2 {[%emt 0:00:25] [#]} (23... a6) 24. Rh7 $1 (24. Bxg6 Qc6 $14) 24... Bc1 (24... Bf4 $2 25. Bxf4 (25. Qxg4 Qxe5 26. Qxg6 Bxg3 $15) (25. Bb5 Bxg3 26. Bxd7+ Kb8 $16) 25... Rxf4 26. Bb5) 25. Bb5 ({And not} 25. Bxg6 Qb6 $11) (25. Qxg4 Qc6 26. Qe2 (26. Bxg6 $2 Rg8 $19) (26. Qxg6 Bxb2 27. Kg2 Bxc3 $17) 26... a6 $11) 25... Rd8 {[%emt 0:00:09] [#]} 26. Qc2 $1 ({Not} 26. Qxg4 Qb6 27. a4 Qe3 $14) 26... Be3 (26... Qc5 {was called for.}) 27. Qxg6 Qb6 (27... Kb8 $142 28. Bh4 Qb6 29. Rxd7 Rc8) 28. Bxd7+ Rxd7 29. Rxd7 $2 ({Don't go for} 29. Qe8+ $2 Rd8 30. Qa4 Qxb2 $19) (29. Bh4 {White threatens Qe8+ and mate.} d4 30. Qe8+ Rd8 31. Bxd8 Qc6+ 32. Qxc6+ bxc6 33. Rh8) 29... Kxd7 30. Qf7+ {[%emt 0:00:35] Weighted Error Value: White=0.22 (precise) /Black=0.41} 1-0

[Event "37th ECCC 2022"]
[Site "Mayrhofen"]
[Date "2022.10.04"]
[Round "2.4"]
[White "Bagi, Mate"]
[Black "Nisipeanu, Liviu-Dieter"]
[Result "1/2-1/2"]
[ECO "C15"]
[WhiteElo "2460"]
[BlackElo "2615"]
[Annotator "TA"]
[PlyCount "165"]
[EventDate "2022.10.03"]
[EventType "team-tourn"]
[EventCountry "AUT"]
[SourceTitle "playchess.com"]
[Source "ChessBase"]
[SourceQuality "1"]
[TimeControl "40/5400+30:1800+30"]

1. e4 e6 2. d4 d5 3. Nc3 Bb4 4. exd5 exd5 5. Bd3 Nc6 6. a3 Bxc3+ 7. bxc3 Nge7 8. Qf3 Be6 9. Ne2 {[%emt 0:03:20] 9.Rb1 is not played anymore.} Qd7 10. h3 {[%emt 0:08:58] C01: French: Exchange Variation.} Bf5 11. O-O Bxd3 12. cxd3 Qf5 13. Qxf5 Nxf5 14. Bf4 O-O-O 15. Ng3 {[%emt 0:01:21] [#]} Nxg3 $146 ({Predecessor:} 15... Nfe7 16. Rfe1 h5 17. Re2 Rde8 18. Rae1 Kd7 19. Nf1 Reg8 20. Nd2 g5 21. Bh2 g4 22. hxg4 hxg4 {0-1 (49) Jacek,M (2148)-Domlatil,J (2134) Czech Republic 2009}) 16. Bxg3 Rhe8 17. Rfe1 Rxe1+ 18. Rxe1 $11 {[%emt 0:00:07][%mdl 4096] Endgame KRB-KRN} Kd7 19. Bf4 b5 20. Kf1 Rb8 21. Rb1 a5 22. Ke1 b4 23. axb4 axb4 24. Kd1 Ra8 25. Be3 Ra3 26. cxb4 {[%emt 0:00:33] [#]} Nxd4 $1 27. Kd2 Ra2+ (27... Ne6 $5 28. Kc2 Kd6 $15) 28. Ke1 (28. Kc3 $11 {remains equal.} Nb5+ 29. Kb3 Ra3+ 30. Kc2) 28... Ne6 $17 29. h4 h5 30. g3 g6 31. b5 Ra8 (31... d4 $5 32. Bf4 Nc5 $17) 32. Rb4 Kd6 33. Kd2 Ra2+ 34. Kc3 Ke5 35. Kb3 {[%emt 0:02:51] Inhibits Ra3+.} Ra1 36. Bf4+ Kf5 37. Kb2 {[%emt 0:00:44] Prevents Rb1+.} Ra8 38. Be3 {[%emt 0:00:18] Prevents d4.} Ke5 39. Bf4+ Kf5 40. Be3 {[%emt 0:00:22] Against d4} Rb8 41. Kc3 {[%emt 0:05:36] Prevents d4+.} Ra8 42. Kb2 Rd8 {[%emt 0:08:01] Threatening ...d4.} 43. Kc3 {[%emt 0:02:54] Against d4+} Ke5 {[%emt 0:00:13] [#] ...d4+ is the strong threat.} 44. Bd2 d4+ 45. Kc4 Ra8 {[%emt 0:00:32] Inhibits Ra4.} 46. b6 cxb6 {[%emt 0:01:14] And now ...Rc8+ would win.} 47. Rb5+ Kf6 48. Rxb6 Ra2 49. Bf4 (49. Bb4 $15) 49... Rxf2 50. Kd5 Kf5 51. Be5 Ra2 52. Rb5 {[%emt 0:00:50] Inhibits Ra5.} g5 (52... Re2 $17 53. Bb8 Kg4) 53. hxg5 $15 Kxg5 54. Kd6 (54. Bd6 $15) 54... Kg6 ({Better is} 54... Kg4 $17 55. Kd5 Rf2) 55. Kd5 Re2 56. Bb8 Re3 57. Kc4 Rf3 58. Bd6 (58. Rb1 $11 {keeps the balance.}) 58... Ng7 $17 59. Rb6 Nf5 60. Be5+ Kg5 61. Rb8 Kg4 (61... Nxg3 $17 {White must now prevent ...Ne2.} 62. Rg8+ Kh4 63. Bxd4 Rf4) 62. Rg8+ $11 {[%emt 0:00:14] The position is equal.} Kh3 63. Rh8 Nxg3 64. Bxg3 Kxg3 (64... Rxg3 65. Rxh5+ Kg4 66. Rh7) 65. Rxh5 {[%emt 0:00:04] KR-KR} Rf4 66. Rd5 f6 67. Rd6 f5 68. Rd5 Kg4 69. Re5 Kg5 70. Kd5 Rh4 71. Re8 Kg4 72. Kxd4 Kg3+ 73. Ke5 f4 74. Rg8+ Rg4 75. Rf8 f3 76. d4 f2 77. d5 Rg5+ 78. Ke6 Kg2 79. d6 {[%emt 0:00:16] Hoping for d7.} Rg6+ 80. Ke7 Rxd6 81. Kxd6 f1=Q 82. Rxf1 Kxf1 83. Kd5 {Weighted Error Value: White=0.14 (very precise) /Black=0.12 (very precise)} 1/2-1/2

[Event "37th ECCC 2022"]
[Site "Mayrhofen"]
[Date "2022.10.04"]
[Round "2.5"]
[White "Sargissian, Gabriel"]
[Black "Borhy, Marcell"]
[Result "1/2-1/2"]
[ECO "E21"]
[WhiteElo "2711"]
[BlackElo "2400"]
[Annotator "TA"]
[PlyCount "57"]
[EventDate "2022.10.03"]
[EventType "team-tourn"]
[EventCountry "AUT"]
[SourceTitle "playchess.com"]
[Source "ChessBase"]
[SourceQuality "1"]
[TimeControl "40/5400+30:1800+30"]

1. d4 Nf6 2. c4 e6 3. Nc3 Bb4 4. Nf3 d5 5. Qa4+ Nc6 6. e3 O-O 7. Qc2 {[%emt 0:00:48] D38: Queen's Gambit Declined: Ragozin Defence (4 Nf3 Bb4).} Re8 8. Bd2 Bf8 9. Be2 dxc4 10. Bxc4 a6 11. a3 h6 12. Rd1 b5 13. Bd3 Bb7 14. Ne4 Nd7 15. Ng3 Ne7 16. b4 f5 {[%emt 0:03:31] [#]} 17. e4 $146 {[%emt 0:04:45] White is more active.} ({Predecessor:} 17. O-O Nf6 18. Rfe1 Nc8 19. Ne5 Bd6 20. e4 fxe4 21. Nxe4 Bxe5 22. dxe5 Nxe4 23. Bxe4 Bxe4 24. Rxe4 h5 25. Bh6 Qe7 26. Re3 {1-0 (26) Keymer,V (2630)-Alekseenko,K (2710) Riga 2021}) 17... fxe4 18. Bxe4 Bxe4 19. Nxe4 Nf5 20. O-O Nb6 21. Rfe1 Nc4 22. Bc1 $1 a5 23. Nc5 Qd5 24. Re2 axb4 25. axb4 Ra1 26. Nb3 Ra4 27. Nc5 Ra1 ({Don't take} 27... Rxb4 28. Na6 Bd6 29. Nxb4 Bxb4 30. Bf4 $14) 28. Nb3 Ra4 29. Nc5 {[%emt 0:01:08] Weighted Error Value: White=0.14 (very precise) /Black=0.08 (flawless)} 1/2-1/2